 Dungeon Crawl Stone Soup version 0.20.1-1-g8b1a95d (webtiles) character file.

7637 Mesmaeker13 the Covert (level 11, -9/78 HPs)
             Began as a Human Assassin on July 25, 2017.
             Was a Follower of Ashenzari.
             Mangled by a spiny frog (22 damage)
             ... on level 1 of the Lair of Beasts.
             The game lasted 00:44:28 (18148 turns).

Mesmaeker13 the Covert (Human Assassin)            Turns: 18148, Time: 00:44:29

Health: -9/78      AC:  8    Str: 17    XL:     11   Next: 40%
Magic:  11/11      EV: 18    Int: 12    God:    Ashenzari [*.....]
Gold:   468        SH:  6    Dex: 17    Spells: 10/10 levels left

rFire    . . .     SeeInvis +   u - +2 scimitar (holy)
rCold    + . .     Gourm    +   f - +0 buckler (curse)
rNeg     . . .     Faith    .   D - +1 leather armour {rC+}
rPois    .         Spirit   .   P - +2 helmet
rElec    .         Reflect  .   d - +0 cloak
rCorr    .         Harm     .   (no gloves)
MR       .....                  (no boots)
Stlth    +++++.....             x - amulet of the gourmand
Regen    0.3/turn               k - ring of stealth
MPRegen  0.2/turn               o - ring of see invisible

@: mighty
A: no striking features
a: Curse Item, Scrying, Renounce Religion


You were on level 1 of the Lair of Beasts.
You worshipped Ashenzari.
Ashenzari was aware of your devotion.
You were full.

You visited 3 branches of the dungeon, and saw 12 of its levels.

You collected 598 gold pieces.
You spent 130 gold pieces at shops.

Inventory:

Hand Weapons
 a - a +2 dagger
 b - a +0 blowgun
 u - a +2 scimitar of holy wrath (weapon)
 O - a +0 dagger of venom
Missiles
 e - 37 poisoned needles
 R - 5 javelins (quivered)
Armour
 d - a +0 cloak (worn)
 f - a cursed +0 buckler (worn)
 D - a +1 leather armour of cold resistance (worn)
 P - a +2 helmet (worn)
Jewellery
 k - a ring of stealth (left hand)
 o - a ring of see invisible (right hand)
 x - an amulet of the gourmand (around neck)
Wands
 B - a wand of digging (4/24)
 I - a wand of lightning (0/15)
Scrolls
 i - a scroll of blinking {unknown}
 l - 2 scrolls of enchant armour {unknown}
 n - 5 scrolls of teleportation
 q - a scroll of enchant weapon {unknown}
 r - 5 scrolls of immolation
 t - a scroll of remove curse
 H - a scroll of fear
 J - a scroll of acquirement {unknown}
 K - a scroll of random uselessness {unknown}
 L - a scroll of fog {unknown}
 N - 2 scrolls of magic mapping
 S - 2 scrolls of amnesia {unknown}
Potions
 c - 3 potions of heal wounds {unknown}
 v - a potion of invisibility
 w - 2 potions of flight
 z - a potion of agility
 C - 2 potions of brilliance
 E - 3 potions of resistance {unknown}
 F - a potion of magic {unknown}
Miscellaneous
 M - a phial of floods (inert)
Comestibles
 g - 10 bread rations
 j - 6 fruits
 m - 13 royal jellies
 s - 3 meat rations


   Skills:
 + Level 4.9 Fighting
 + Level 8.8 Short Blades
 - Level 4.5 Throwing
 + Level 8.8 Dodging
 + Level 10.2 Stealth
 - Level 5.0 Shields


You had 10 spell levels left.
You didn't know any spells.

Dungeon Overview and Level Annotations

Branches:
Dungeon (10/15)            Temple (1/1) D:7            Lair (1/6) D:9
    Orc (0/2) D:9

Altars:
Ashenzari
Cheibriados
Dithmenos
Elyvilon
Fedhas
Gozag
Hepliaklqana
Kikubaaqudgha
Makhleb
Nemelex Xobeh
Okawaru
Qazlal
Ru
Sif Muna
Trog
Uskayaw
Xom
Yredelemnul
Zin
The Shining One
Beogh

Shops:
D:6 *   D:7 *


Message History

You slash the spiny frog!
The spiny frog is severely wounded.
You feel very sick. You block the spiny frog's attack.
You slash the spiny frog!
The spiny frog is almost dead.
You feel sick. The spiny frog misses you. You block the spiny frog's attack.
You barely miss the spiny frog.
The spiny frog is almost dead.
You feel sick. The spiny frog misses you.
You closely miss the spiny frog.
The spiny frog is almost dead.
You feel sick. The spiny frog stings you!!
* * * LOW HITPOINT WARNING * * *
Unknown command.
You feel better. The spiny frog barely misses you.
You riposte.
You hit the spiny frog.
The spiny frog is almost dead.
You block the spiny frog's attack. The spiny frog stings you!!
You die...

#..##...#
##..#....#
#.....#..#
#...####.# .
##..#..#.# ...
#...#.{..###....
##..## #........
##..###F..#P#.#
##..@F#.##
##..F..# ##P####
###


You could see 3 spiny frogs.

Vanquished Creatures
  A two-headed ogre (D:10)
  A queen bee (D:9)
  Grinder (D:3)
  A hippogriff (D:8)
  A shadow (D:9)
  A steam dragon (D:8)
  A hungry ghost (D:9)
  2 water moccasins
  4 black bears
  2 porcupines (Lair:1)
  2 ice beasts
  5 ogres
  5 orc warriors
  3 phantoms
  A sky beast (D:6)
  3 centaurs
  A crocodile (D:8)
  A big kobold (D:10)
  6 bullfrogs
  4 scorpions
  19 killer bees
  5 howler monkeys
  4 wights (D:9)
  2 crimson imps
  5 hounds
  A quasit (D:7)
  2 jellies
  12 orc wizards
  A gnoll shaman (D:6)
  2 bullfrog zombies
  7 orc priests
  A bullfrog skeleton (D:7)
  Jessica (D:2)
  An iguana (D:6)
  9 worker ants
  2 worker ant zombies
  6 gnolls
  11 adders
  2 shadow imps
  2 adder skeletons
  3 worms
  2 dart slugs (D:1)
  3 leopard geckos
  59 orcs
  7 giant cockroaches
  10 goblins
  7 hobgoblins
  8 jackals
  2 quokkas
  2 ball pythons
  A ball python zombie (D:2)
  6 bats
  12 frilled lizards
  A giant cockroach zombie (D:2)
  A jackal zombie (D:2)
  12 kobolds
  A leopard gecko zombie (D:6)
  2 quokka skeletons
  5 rats
285 creatures vanquished.

Vanquished Creatures (collateral kills)
  A killer bee (D:9)
1 creature vanquished.

Grand Total: 286 creatures vanquished

Notes
Turn   | Place    | Note
-------+----------+-------------------------------------------
     0 | D:1      | Mesmaeker13 the Human Assassin began the quest for the Orb.
     0 | D:1      | Reached XP level 1. HP: 16/16 MP: 1/1
    60 | D:1      | Reached XP level 2. HP: 16/22 MP: 2/2
   523 | D:1      | Reached XP level 3. HP: 27/27 MP: 3/3
  1056 | D:2      | Found a faded altar of an unknown god.
  1058 | D:2      | Reached XP level 4. HP: 33/33 MP: 4/4
  1313 | D:2      | Noticed Jessica
  1333 | D:2      | Killed Jessica
  1716 | D:2      | Reached XP level 5. HP: 38/38 MP: 5/5
  1736 | D:2      | Found an ancient bone altar of Kikubaaqudgha.
  2036 | D:3      | Noticed Grinder
  2368 | D:3      | Reached skill level 5 in Stealth
  2595 | D:4      | Noticed a phantom
  2721 | D:3      | Reached XP level 6. HP: 43/44 MP: 6/6
  3455 | D:4      | Killed a phantom
  3628 | D:4      | Found a shadowy altar of Dithmenos.
  3738 | D:4      | Noticed a phantom
  4441 | D:4      | Reached XP level 7. HP: 42/50 MP: 7/7
  5708 | D:5      | Entered Level 5 of the Dungeon
  7901 | D:4      | Reached skill level 6 in Stealth
  7901 | D:4      | Reached XP level 8. HP: 33/56 MP: 8/8
  8160 | D:5      | Found an opulent altar of Gozag.
  8160 | D:5      | Found a shimmering altar of Xom.
  8732 | D:5      | Found a sacrificial altar of Ru.
  8771 | D:4      | Reached skill level 5 in Dodging
  9066 | D:5      | Reached skill level 5 in Short Blades
  9474 | D:6      | Found Efyguv's Assorted Antiques.
  9495 | D:6      | Bought a buckler for 130 gold pieces
  9950 | D:3      | Reached skill level 1 in Shields
 10304 | D:3      | Paralysed by Grinder for 3 turns
 10315 | D:3      | Killed Grinder
 10315 | D:3      | Reached skill level 7 in Stealth
 10315 | D:3      | Reached XP level 9. HP: 51/61 MP: 9/9
 10499 | D:6      | Found a glowing silver altar of Zin.
 11243 | D:7      | Found Zin's Purification Station.
 11243 | D:7      | Found a glowing silver altar of Zin.
 11704 | D:7      | Reached skill level 8 in Stealth
 11805 | D:7      | Found a staircase to the Ecumenical Temple.
 11831 | Temple   | Entered the Ecumenical Temple
 11936 | Temple   | Became a worshipper of Ashenzari the Shackled
 11991 | D:7      | Reached XP level 10. HP: 47/67 MP: 10/10
 12403 | D:8      | You fall through a shaft!
 12486 | D:8      | Found a sparkling altar of Nemelex Xobeh.
 13250 | D:8      | Reached skill level 5 in Shields
 13505 | D:8      | Found a glowing golden altar of the Shining One.
 13518 | D:8      | Reached * piety under Ashenzari
 13554 | D:8      | Found a roughly hewn altar of Beogh.
 13591 | D:7      | Reached skill level 9 in Stealth
 14629 | D:9      | Found a staircase to the Orcish Mines.
 14810 | D:9      | Found a basalt altar of Yredelemnul.
 15029 | D:9      | Reached XP level 11. HP: 45/76 MP: 11/11
 15730 | D:9      | Found a hazy altar of Hepliaklqana.
 15850 | D:9      | Found a staircase to the Lair.
 16250 | D:10     | Entered Level 10 of the Dungeon
 16349 | D:10     | Reached skill level 10 in Stealth
 16757 | D:10     | Noticed a two-headed ogre
 16774 | D:10     | Killed a two-headed ogre
 17345 | D:10     | HP: 2/78 [slime creature (13)]
 17718 | Lair:1   | Entered Level 1 of the Lair of Beasts
 18146 | Lair:1   | HP: 3/78 [spiny frog (19)]
 18148 | Lair:1   | Mangled by a spiny frog

Skill      XL: |  1  2  3  4  5  6  7  8  9 10 11 |
---------------+----------------------------------+-----
Dodging        | 2 3 4 5 6 8 |  8.8
Short Blades   | 3 4 5 6 8 |  8.8
Stealth        | 5 6 7 8 9 10 | 10.2
Throwing       | 3 4 |  4.5
Shields        | 1 4 5 |  5.0
Fighting       | 3 4 |  4.9

Action                   |  1- 3 |  4- 6 |  7- 9 | 10-12 || total
-------------------------+-------+-------+-------+-------++-------
Melee: Dagger            |    88 |   252 |   482 |   207 ||  1029
       Blowgun           |       |       |     1 |       ||     1
       Scimitar          |       |       |    46 |   275 ||   321
 Fire: Blowgun           |       |    22 |   102 |    45 ||   169
Invok: Curse Item        |       |       |       |     2 ||     2
Evoke: Wand              |       |       |     2 |     7 ||     9
       Phial of floods   |       |       |       |     1 ||     1
  Use: Scroll            |       |     4 |     6 |     5 ||    15
       Potion            |       |     2 |     3 |     7 ||    12
 Stab: Sleeping          |    13 |    10 |    18 |    13 ||    54
       Distracted        |       |     1 |     1 |     1 ||     3
       Invisible         |       |       |       |     3 ||     3
  Eat: Chunk             |       |    18 |    24 |    23 ||    65
       Fruit             |       |     1 |       |       ||     1
Armor: Robe              |     8 |    37 |    49 |       ||    94
       Leather armour    |       |       |    42 |    53 ||    95
       Steam dragon scal |       |       |       |     7 ||     7
Dodge: Dodged            |    39 |   126 |   366 |   403 ||   934
Block: Buckler           |       |       |    49 |   114 ||   163
       Rpst.: Scimitar   |       |       |     8 |    62 ||    70
